 Dungeon Crawl Stone Soup version 0.30.1-8-g117510f58f (webtiles) character file.

Game seed: 15220829427920266090

56409 eliilek the Bludgeoner (level 14, -8/136 HPs)
             Began as a Minotaur Fighter on Sept 17, 2023.
             Was the Champion of Cheibriados.
             Killed from afar by a thorn hunter (23 damage)
             ... with a volley of thorns
             ... on level 2 of the Swamp on Sept 22, 2023.
             The game lasted 01:06:44 (15841 turns).

eliilek the Bludgeoner (Minotaur Fighter)          Turns: 15841, Time: 01:06:45

Health: -8/136     AC: 23    Str: 41    XL:     14   Next: 41%
Magic:  16/20      EV:  9    Int: 17    God:    Cheibriados [******]
Gold:   504        SH:  9    Dex: 28    Spells: 13/13 levels left

rFire   . . .        o - +7 flail "Tuasuvih" {elec, rC+ Int-3 SInv}
rCold   + + +        c - +0 buckler
rNeg    . . .        E - +6 chain mail of the Will of the Gods {+Inv rC+ Str+3}
rPois   .            (helmet restricted)
rElec   .            e - +0 cloak
rCorr   .            r - +0 pair of gloves
SInv    +            j - +0 pair of boots
Will    +....        b - amulet of regeneration Stlth
                     H - ring of protection from cold
HPRegen 1.22/turn    (no ring)
MPRegen 0.17/turn

%: random rage (3%)
@: very slow
A: horns 2, retaliatory headbutt, berserk 1
a: Renounce Religion, Evoke Invisibility, Bend Time, Temporal Distortion,
Slouch, Step From Time


You were on level 2 of the Swamp.
You worshipped Cheibriados.
Cheibriados was exalted by your worship.
You visited 3 branches of the dungeon, and saw 17 of its levels.
You also visited: Sewer.

You collected 1452 gold pieces.
You spent 948 gold pieces at shops.

Inventory:

Hand Weapons
 o - the +7 flail "Tuasuvih" (weapon) {elec, rC+ Int-3 SInv}
   (You found it on level 4 of the Lair of Beasts)

   Int:       It affects your intelligence (-3).
   rC:        It protects you from cold.
   SInv:      It lets you see invisible.
Missiles
 f - 2 atropa-tipped darts (quivered)
 l - a throwing net
 w - 28 poisoned darts
 y - 10 curare-tipped darts
Armour
 c - a +0 buckler (worn)
 e - a +0 cloak (worn)
 j - a +0 pair of boots (worn)
 r - a +0 pair of gloves (worn)
 E - the +6 chain mail of the Will of the Gods (worn) {+Inv rC+ Str+3}
   (You bought it in a shop on level 1 of the Dungeon)

   Str:       It affects your strength (+3).
   rC:        It protects you from cold.
   +Inv:      It lets you turn invisible.
Jewellery
 b - an amulet of regeneration (around neck)
 H - a ring of protection from cold (left hand)
Wands
 d - a wand of quicksilver (8)
 u - a wand of digging (15)
 v - a wand of charming (32)
 M - a wand of flame (48)
 N - a wand of iceblast (8)
 O - a wand of polymorph (6)
Scrolls
 g - 4 scrolls of fog
 i - 2 scrolls of brand weapon
 k - 7 scrolls of enchant weapon
 n - 2 scrolls of blinking
 p - 2 scrolls of silence
 q - 3 scrolls of enchant armour
 s - 5 scrolls of teleportation
 C - 2 scrolls of summoning
 D - a scroll of fear {unknown}
 I - 2 scrolls of amnesia {unknown}
 J - a scroll of acquirement {unknown}
 K - a scroll of magic mapping
Potions
 a - a potion of cancellation {unknown}
 h - 12 potions of curing
 m - 2 potions of mutation
 t - a potion of resistance
 x - 2 potions of invisibility
 z - 5 potions of might
 A - 5 potions of heal wounds
 B - a potion of berserk rage
 F - a potion of brilliance {unknown}
 G - 3 potions of ambrosia
 L - 2 potions of flight {unknown}


   Skills:
 + Level 15.7 Fighting
 + Level 17.4 Maces & Flails
 + Level 12.3 Armour
 - Level 12.0 Shields
 - Level 10.0 Invocations


You had 13 spell levels left.
You didn't know any spells.
Your spell library contained the following spells:

 Spells                   Type           Power      Damage    Failure   Level
 Sandblast                Erth           0%         2d4       50%         1
 Sting                    Tmut/Pois      0%         1d3       50%         1
 Summon Small Mammal      Summ           0%         N/A       50%         1
 Passwall                 Tmut/Erth      0%         N/A       65%         2
 Poisonous Vapours        Pois/Air       0%         N/A       65%         2
 Call Canine Familiar     Summ           0%         N/A       86%         3
 Gell's Gravitas          Tloc           0%         N/A       86%         3
 Stone Arrow              Conj/Erth      0%         3d7       86%         3
 Summon Guardian Golem    Hex/Summ       0%         N/A       86%         3
 Teleport Other           Tloc           0%         N/A       86%         3
 Olgreb's Toxic Radiance  Pois           0%         N/A       99%         4
 Dispersal                Tloc           0%         N/A       100%        6
 Orb of Destruction       Conj           0%         9d5       100%        7
 Spellforged Servitor     Conj/Summ      0%         N/A       100%        7


Dungeon Overview and Level Annotations

Branches:
Dungeon (10/15)            Temple (0/1) D:6            Lair (5/5) D:8
  Swamp (2/4) Lair:3        Snake (0/4) Lair:3        Slime (0/5) Lair:4
  Sewer (visited)
    Orc: D:9-12

Altars:
Cheibriados
Gozag
Hepliaklqana
Kikubaaqudgha
Makhleb
Qazlal
Uskayaw
Xom
Zin
Jiyva

Shops:
D:1 [   D:4 :*   D:6 ::   D:8 (


Innate Abilities, Weirdness & Mutations

You have a pair of horns on your head.
You reflexively headbutt those who attack you in melee.
You sometimes lose your temper in combat.


Message History

The briar patch is destroyed!
You enter the shallow water.
Moving in this stuff is going to be slow.
The briar patch crumbles away. x4
The thorn hunter fires a volley of thorns at you.
You block the volley of thorns.
The thorn hunter gestures.
The briar patch crumbles away. x5
The thorn hunter fires a volley of thorns at you.
You block the volley of thorns. The thorn hunter hits you!
The thorn hunter hits you. x2; The thorn hunter hits you!
* * * LOW HITPOINT WARNING * * *
You sock the thorn hunter!
The thorn hunter is lightly damaged.
The thorn hunter hits you but does no damage.
The thorn hunter hits you!
* * * LOW HITPOINT WARNING * * *
You feel much better.
The briar patch crumbles away. x3
The thorn hunter fires a volley of thorns at you.
The volley of thorns hits you!!
* * * LOW HITPOINT WARNING * * *
You bludgeon the thorn hunter!! You headbutt the thorn hunter.
The thorn hunter is moderately damaged.
The briar patch crumbles away.
The thorn hunter fires a volley of thorns at you.
The volley of thorns misses you.
Your unstable footing causes you to fumble your attack.
The briar patch crumbles away.
The thorn hunter hits you but does no damage.
The thorn hunter hits you.
* * * LOW HITPOINT WARNING * * *
You hit the thorn hunter. You headbutt the thorn hunter.
The thorn hunter is heavily damaged.
You warp the flow of time around you!
The thorn hunter closely misses you. You block the thorn hunter's attack.
The thorn hunter closely misses you. You furiously retaliate!
You headbutt the thorn hunter! You block the thorn hunter's attack.
The thorn hunter fires a volley of thorns at you.
The volley of thorns hits you!!
You die...

♣♣♣♣♣ .....♣♣♣♣♣♣♣
~~~~~.~.f.~♣♣♣♣
~~~~~..~@...~~♣♣♣
~~~....~~.......♣
.~§.~§~~~§..~~..♣
..~~~~~~~~.~~§~.♣♣♣
..^~§~~§~~.~~~~§PP♣♣
...~~~.~~~~~...~~..♣♣
~..~§~.♣♣♣♣♣...<.^.~♣
~~~...♣ ♣.~~..♣~~♣♣
.~~..♣ ♣♣...♣♣♣♣♣


You could see a thorn hunter.

Vanquished Creatures
  2 eleionomae (Swamp:1)
  Nessos (Lair:4)
  The ghost of mrw3rdna the Severer, a journeyman HOMo of Qazlal (D:10)
  3 hydras
  Harold (Lair:1)
  A ghost crab (Swamp:1)
  A catoblepas (Lair:1)
  Erica (D:8)
  2 two-headed ogres
  An alligator (Swamp:2)
  A boulder beetle (Lair:5)
  Nergalle (Lair:3)
  Sonja (Lair:1)
  2 skysharks
  A spriggan druid (Swamp:1)
  A swamp dragon (Swamp:1)
  Pikel (D:5)
  A bog body (Swamp:1)
  An oklob plant (Lair:5)
  9 elephants (Lair:5)
  4 black mambas
  21 cane toads
  12 komodo dragons
  An unseen horror (D:9)
  3 rime drakes
  A queen bee (D:10)
  2 burning bushes (Lair:5)
  2 trolls
  6 hornets
  4 polar bears
  Grinder (D:3)
  3 tyrant leeches (Swamp:1)
  5 dream sheep (Lair:5)
  24 blink frogs
  Sigmund (D:3)
  13 spriggans (Lair:5)
  3 wyverns
  3 wraiths
  25 yaks
  4 basilisks
  A vampire (D:10)
  Menkaure (D:5)
  7 swamp worms
  18 water moccasins
  3 orc warriors
  5 black bears
  3 ice beasts
  4 boggarts (Lair:5)
  9 ogres
  25 wolves
  3 centaurs
  2 phantoms (D:4)
  5 kobold brigands
  Blork the orc (D:5)
  13 bullfrogs
  2 scorpions (D:5)
  A necrophage (Sewer)
  9 wights
  2 water moccasin zombies (D:4)
  13 killer bees (D:10)
  2 electric eels (D:8)
  2 howler monkeys (D:7)
  A centaur zombie (D:4)
  7 hounds
  3 gnoll boudas
  2 jellies
  3 orc priests
  Jessica (D:3)
  Ijyb (D:3)
  9 orc wizards
  2 iguanas
  A scorpion zombie (D:4)
  2 hound zombies (D:4)
  Robin (D:2)
  17 gnolls
  4 adders
  6 shadow imps
  2 white imps
  8 ufetubi
  6 adder zombies
  An adder skeleton (D:4)
  2 worms
  4 dart slugs
  20 orcs
  5 bats
  A bat zombie (Sewer)
  7 endoplasms
  7 giant cockroaches
  8 goblins (D:2)
  10 hobgoblins
  4 jackals (D:4)
  4 quokkas
  8 ball pythons
  3 frilled lizards
  21 kobolds
  2 rats (D:1)
485 creatures vanquished.

Vanquished Creatures (others)
  A kobold (D:3)
1 creature vanquished.

Grand Total: 486 creatures vanquished

Notes
Turn   | Place    | Note
-------+----------+-------------------------------------------
     0 | D:1      | eliilek the Minotaur Fighter began the quest for the Orb.
     0 | D:1      | Reached XP level 1. HP: 19/19 MP: 0/0
   160 | D:1      | Found Vidyaq's Armour Boutique.
   243 | D:1      | Reached XP level 2. HP: 27/27 MP: 1/1
   643 | D:2      | Reached skill level 3 in Maces & Flails
   653 | D:2      | Reached XP level 3. HP: 22/33 MP: 2/2
  1060 | D:2      | Noticed Robin
  1085 | D:2      | Reached XP level 4. HP: 39/40 MP: 3/3
  1100 | D:2      | Killed Robin
  1337 | D:3      | Reached skill level 4 in Maces & Flails
  1382 | D:3      | Found an ancient bone altar of Kikubaaqudgha.
  1485 | D:3      | Noticed an ice beast
  1497 | D:3      | Killed an ice beast
  1498 | D:3      | Reached skill level 5 in Armour
  1498 | D:3      | Reached XP level 5. HP: 47/47 MP: 4/4
  1546 | D:3      | Noticed Jessica
  1552 | D:3      | Killed Jessica
  1626 | D:3      | Found a snail-covered altar of Cheibriados.
  1635 | D:3      | Became a worshipper of Cheibriados the Contemplative
  1747 | D:3      | Noticed Sigmund
  1750 | D:3      | Noticed Grinder
  1751 | D:3      | Gained mutation: You sometimes lose your temper in combat.
                  | [potion of mutation]
  1754 | D:3      | Noticed Ijyb
  1764 | D:3      | Killed Sigmund
  1765 | D:3      | Reached skill level 5 in Maces & Flails
  1765 | D:3      | Reached XP level 6. HP: 28/55 MP: 5/5
  1771 | D:3      | Killed Ijyb
  1772 | D:3      | Reached skill level 5 in Fighting
  1773 | D:3      | HP: 4/84 [Grinder (1)]
  1777 | D:3      | Killed Grinder
  1778 | D:3      | Reached skill level 5 in Shields
  1778 | D:3      | Reached XP level 7. HP: 10/61 MP: 6/6
  2323 | D:4      | Reached skill level 6 in Maces & Flails
  2393 | D:4      | Reached * piety under Cheibriados
  2542 | D:4      | Found Woapixtoics's General Store.
  2544 | D:4      | Found Liclilu's Specific Store.
  2548 | D:4      | Bought a scroll of identify for 26 gold pieces
  2548 | D:4      | Bought a potion of curing for 39 gold pieces
  2552 | D:4      | Bought a scroll of identify for 24 gold pieces
  2747 | D:4      | Found Etuokk's Self-Improvement Boutique.
  2753 | D:4      | Found a burning altar of Makhleb.
  2762 | D:4      | Reached XP level 8. HP: 69/70 MP: 7/7
  2785 | D:4      | Reached skill level 7 in Maces & Flails
  2793 | D:4      | Reached ** piety under Cheibriados
  2900 | D:5      | Entered Level 5 of the Dungeon
  2950 | D:5      | Found a glowing drain.
  2971 | Sewer    | Entered a sewer
  3056 | Sewer    | Reached *** piety under Cheibriados
  3066 | Sewer    | Found an ancient bone altar of Kikubaaqudgha.
  3108 | Sewer    | Reached skill level 8 in Maces & Flails
  3157 | Sewer    | Identified the +7 war axe of Fate {venom, Dex+4}
  3395 | D:5      | Noticed Menkaure
  3399 | D:5      | Killed Menkaure
  3418 | D:5      | Noticed Pikel
  3426 | D:5      | Killed Pikel
  3426 | D:5      | Reached **** piety under Cheibriados
  3427 | D:5      | Reached XP level 9. HP: 79/79 MP: 8/8
  3651 | D:5      | Noticed Blork the orc
  3660 | D:5      | Killed Blork the orc
  3661 | D:5      | Reached skill level 9 in Maces & Flails
  3667 | D:5      | Found a hazy altar of Hepliaklqana.
  3670 | D:5      | Found a faded altar of an unknown god.
  3780 | D:5      | Found an opulent altar of Gozag.
  3974 | D:6      | Found Fulech's Book Emporium.
  4054 | D:6      | Found Lituh's Book Boutique.
  4077 | D:6      | Found a staircase to the Ecumenical Temple.
  4449 | D:6      | Reached skill level 10 in Armour
  5040 | D:7      | Reached skill level 1 in Invocations
  5050 | D:7      | Reached skill level 10 in Maces & Flails
  5104 | D:7      | Upgraded the game from 0.30.1-4-g462c640d31 to
                  | 0.30.1-6-gbe392663c4
  5694 | D:8      | Reached ***** piety under Cheibriados
  5737 | D:8      | Noticed Erica
  5748 | D:8      | Killed Erica
  5749 | D:8      | Reached XP level 10. HP: 70/90 MP: 7/11
  5817 | D:8      | Found Subarer's Antique Weapon Boutique.
  5831 | D:8      | Paralysed by a hornet for 1 turns
  5835 | D:8      | Reached skill level 11 in Maces & Flails
  6102 | D:8      | Found a staircase to the Lair.
  6493 | Lair:1   | Entered Level 1 of the Lair of Beasts
  6493 | Lair:1   | Noticed Sonja
  6493 | Lair:1   | Noticed a cane toad
  6493 | Lair:1   | Noticed a cane toad
  6500 | D:8      | Killed a cane toad
  6521 | Lair:1   | Noticed a cane toad
  6527 | D:8      | Reached skill level 12 in Maces & Flails
  6530 | D:8      | Killed a cane toad
  6533 | D:8      | Killed a cane toad
  6599 | Lair:1   | Killed Sonja
  6629 | Lair:1   | Identified the +0 robe of Quiet Fog {rPois rC- rN+ Int+3}
  6645 | Lair:1   | Noticed Harold
  6658 | Lair:1   | Killed Harold
  6659 | Lair:1   | Reached skill level 5 in Invocations
  6751 | Lair:1   | Noticed a cane toad
  6752 | Lair:1   | Reached skill level 13 in Maces & Flails
  6761 | D:8      | Reached XP level 11. HP: 69/99 MP: 13/13
  6768 | D:8      | Reached skill level 10 in Fighting
  7342 | Lair:1   | Found a shimmering altar of Xom.
  7862 | Lair:2   | Reached skill level 14 in Maces & Flails
  8143 | Lair:2   | Identified the +1 chain mail "Myemenum" {rC++ Dex+2}
  8354 | Lair:2   | Noticed a catoblepas
  8430 | Lair:1   | Killed a catoblepas
  8778 | D:1      | Bought the +6 chain mail of the Will of the Gods {+Inv rC+
                  | Str+3} for 679 gold pieces
  9706 | Lair:3   | Found a staircase to the Snake Pit.
  9924 | Lair:3   | Reached XP level 12. HP: 89/110 MP: 16/16
  9986 | Lair:3   | Noticed Nergalle
 10001 | Lair:3   | Killed Nergalle
 10188 | Lair:3   | Noticed a four-headed hydra
 10192 | Lair:3   | Killed a four-headed hydra
 10192 | Lair:3   | Noticed a six-headed hydra
 10200 | Lair:3   | Killed a six-headed hydra
 10201 | Lair:3   | Reached skill level 15 in Maces & Flails
 10231 | Lair:3   | Found a staircase to the Swamp.
 10514 | Lair:4   | Found a staircase to the Slime Pits.
 10514 | Lair:4   | Found a viscous altar of Jiyva.
 10549 | Lair:4   | Noticed Nessos
 10550 | Lair:4   | Killed Nessos
 10664 | Lair:4   | Identified the +7 flail "Tuasuvih" {elec, rC+ Int-3 SInv}
 11341 | Lair:4   | Reached skill level 10 in Shields
 11490 | Lair:5   | Entered Level 5 of the Lair of Beasts
 11495 | Lair:5   | Noticed a five-headed hydra
 11507 | Lair:5   | Killed a five-headed hydra
 11515 | Lair:5   | Reached ****** piety under Cheibriados
 11617 | Lair:5   | Reached XP level 13. HP: 108/122 MP: 18/18
 11710 | Lair:5   | Reached skill level 16 in Maces & Flails
 12019 | Lair:5   | Reached skill level 10 in Invocations
 12136 | Lair:5   | Upgraded the game from 0.30.1-6-gbe392663c4 to
                  | 0.30.1-8-g117510f58f
 12811 | Lair:5   | Reached XP level 14. HP: 133/133 MP: 20/20
 12978 | Lair:5   | Reached skill level 15 in Fighting
 13507 | D:9      | Found a stormy altar of Qazlal.
 13881 | D:9      | Found Zin's Purification Station.
 13917 | D:9      | Found a glowing silver altar of Zin.
 13920 | D:9      | Bought 2 potions of curing for 180 gold pieces
 14256 | D:10     | Entered Level 10 of the Dungeon
 14318 | D:10     | Found a hide-covered altar of Uskayaw.
 14401 | D:10     | Found a transporter.
 14401 | D:10     | Found a transporter.
 14401 | D:10     | Noticed mrw3rdna's ghost (journeyman HOMo)
 14439 | D:10     | Reached skill level 17 in Maces & Flails
 15032 | D:10     | Killed mrw3rdna's ghost
 15261 | Swamp:1  | Entered Level 1 of the Swamp
 15824 | Swamp:2  | Noticed a thorn hunter
 15841 | Swamp:2  | Killed from afar by a thorn hunter

Illustrated notes

Levels and vault maps discovered:
D:1:      dpeg_arrival_oval, layout_loops_ring, serial_shops, shop
D:2:      layout_basic, uniq_robin
D:3:      layout_loops_corners, mainiacjoe_overflow_catwalk,
          overflow_temple_1_default, uniq_ijyb, uniq_grinder, uniq_sigmund,
          uniq_jessica
D:4:      layout_cave_pools, overflow_temple_1_default, serial_undead,
          serial_undead_d, serial_undead_c, serial_undead_e, serial_undead_b,
          serial_undead_e, serial_undead_b, nicolae_specific_store,
          nicolae_shop_self_help
D:5:      layout_cave_pools, beargit_hepliaklqana_dungeon_heroes,
          lemuel_coloured_pillars_altar, serial_column_ruins,
          column_ruins_courtyard_long, column_ruins_open_tiny,
          column_ruins_open_small, column_ruins_corridor_straight,
          column_ruins_open_small, column_ruins_open_small_water,
          column_ruins_corridor_dead_end, portal_sewer_entry_f,
          kennysheep_generic_room_8, uniq_pikel, uniq_menkaure
D:6:      layout_layer_cave, minmay_temple_entry_gardened_gates, serial_shops,
          shop, kennysheep_windowed_goal
D:7:      layout_gridville, hangedman_decor_opposing, minmay_misc_feat_chi,
          minmay_misc_feat_hallway
D:8:      layout_loops_ring, erik_lair_island, serial_shops, shop, uniq_erica
D:9:      kennysheep_seaside_town, layout_loops_cross,
          nicolae_overflow_crystal_walls, zin_purify
D:10:     layout_basic, mainiacjoe_overflow_alcove_2, gammafunk_ghost_hive,
          serial_bayou_ford_a
Lair:1:   layout_long_grid, basic_altar, chequers_serial_rivers_small_b,
          nicolae_lair_lil_pond, minivault_26, st_stairs_3, uniq_sonja,
          uniq_harold
Lair:2:   layout_regular_city, lemuel_fruit_fields, lemuel_fruit_fields,
          infiniplex_staircase_pool_2
Lair:3:   layout_cellular_growth, palyth_hydra_swamp_entry, dummy_snake_entry,
          uniq_nergalle
Lair:4:   layout_cave_pods, slime_entry_1, lemuel_fruit_fields, uniq_nessos
Lair:5:   minmay_lair_end_enchanted_forest, layout_loops_ring,
          minmay_lair_oklob_items, evilmike_ambush
          [evilmike_ambush_outer_corners, evilmike_ambush_inner_basic],
          grunt_megastairs_2, serial_bayou_shore_b
Swamp:1:  layout_falls_marsh, evilmike_swamp_ruin_house_5,
          infiniplex_staircase_pool
Swamp:2:  layout_basic_swamp, nicolae_swamp_decorative_isthmus

Skill      XL: |  1  2  3  4  5  6  7  8  9 10 11 12 13 14 |
---------------+-------------------------------------------+-----
Armour         | 4 5 6 7 9 10 11 12 | 12.3
Maces & Flails | 3 4 5 6 8 10 13 14 15 16 17 | 17.4
Fighting       | 4 5 7 8 9 11 13 14 15 | 15.7
Shields        | 4 5 6 7 8 10 12 | 12.0
Invocations    | 2 5 7 9 10 | 10.0

Action                     |  1- 3 |  4- 6 |  7- 9 | 10-12 | 13-15 || total
---------------------------+-------+-------+-------+-------+-------++-------
  Melee: Flail             |    73 |    65 |   337 |   401 |   478 ||  1354
         Headbutt          |    10 |    10 |    73 |   103 |   116 ||   312
  Throw: Dart              |       |     2 |     2 |     1 |       ||     5
 Invoke: Bend Time         |       |       |     1 |       |     1 ||     2
         Slouch            |       |       |       |     3 |     1 ||     4
         Temporal Distorti |       |       |       |     1 |     1 ||     2
    Use: Potion            |       |     2 |       |     2 |     1 ||     5
         Scroll            |       |       |    13 |     7 |     2 ||    22
 Armour: Chain mail        |    27 |    36 |   193 |   100 |   261 ||   617
         Plate armour      |       |       |     6 |   101 |       ||   107
  Dodge: Dodged            |    29 |    25 |   122 |   142 |   171 ||   489
  Block: Buckler           |    14 |    11 |   114 |   138 |   229 ||   506
